 Dungeon Crawl Stone Soup version 0.20.1-1-g8b1a95d (console) character file.

648 Jazqa the Skirmisher (level 7, 0/47 HPs)
             Began as a Gargoyle Fighter on Nov 3, 2017.
             Was an Initiate of Makhleb.
             Killed from afar by an orc wizard (5 damage)
             ... with a magic dart
             ... on level 5 of the Dungeon.
             The game lasted 00:07:35 (3593 turns).

Jazqa the Skirmisher (Gargoyle Fighter)             Turns: 3593, Time: 00:07:36

Health: 0/47       AC: 13    Str: 29    XL:     7   Next: 53%
Magic:  8/8        EV:  7    Int: 13    God:    Makhleb [......]
Gold:   182        SH: 10    Dex:  9    Spells: 6/6 levels left

rFire    . . .     SeeInvis .   a - +0 flail
rCold    . . .     Gourm    .   c - +0 shield
rNeg     + . .     Faith    .   b - +0 scale mail
rPois    ∞         Spirit   .   p - +0 helmet
rElec    +         Reflect  .   (no cloak)
rCorr    .         Harm     .   (no gloves)
MR       .....                  o - +0 pair of boots
Stlth    ..........             (no amulet)
Regen    0.2/turn               S - +2 ring of strength
MPRegen  0.2/turn               (no ring)

@: mighty, brilliant, hasted, very quick
A: negative energy resistance 1, electricity resistance, unbreathing,
petrification resistance, rot immunity, AC +4
a: Renounce Religion


You were on level 5 of the Dungeon.
You worshipped Makhleb.
Makhleb was noncommittal.
You were not hungry.

You visited 2 branches of the dungeon, and saw 6 of its levels.

You collected 182 gold pieces.


Innate Abilities, Weirdness & Mutations

You are resistant to torment.
Your stone body is resilient. (AC +4)
You are immune to poison.
You resist negative energy. (rN+)
You are resistant to electric shocks. (rElec)
You can survive without breathing.
You are immune to petrification.
You are immune to rotting.


   Skills:
 + Level 6.8 Fighting
 + Level 5.6 Maces & Flails
 - Level 3.2 Armour
 - Level 3.2 Shields
 + Level 2.2 Invocations


You had 6 spell levels left.
You didn't know any spells.

Inventory:

Hand Weapons
 a - a +0 flail (weapon)
Armour
 b - a +0 scale mail (worn)
 c - a +0 shield (worn)
 o - a +0 pair of boots (worn)
 p - a +0 helmet (worn)
Jewellery
 n - an uncursed ring of flight {unknown}
 S - a +2 ring of strength (left hand)
Scrolls
 e - a scroll of fear
 g - a scroll of remove curse {@r2}
 h - a scroll of magic mapping {unknown}
 v - 2 scrolls of blinking {unknown}
 w - a scroll of enchant armour {unknown}
 x - a scroll of random uselessness {unknown}
Potions
 d - a potion of might
 i - 2 potions of flight
 l - 2 potions of mutation {!q}
 m - a potion of brilliance
Comestibles
 f - 8 bread rations {@e1}
 j - 2 meat rations {@e1}
 k - 7 fruits {@e2}

Dungeon Overview and Level Annotations

Branches:
Dungeon (5/15)             Temple (1/1) D:4

Altars:
Ashenzari
Cheibriados
Dithmenos
Elyvilon
Fedhas
Gozag
Hepliaklqana
Kikubaaqudgha
Makhleb
Nemelex Xobeh
Qazlal
Ru
Sif Muna
Trog
Uskayaw
Xom
Yredelemnul
Zin

Shops:
D:5

*
#.>...'.).................
#.....####################
#.....# ........ #.....#
........ #.....# .
........ #.....# ..
........ #.....# ...
........ #.....# ....
........ ####'## .....
........ ####|######......
........ #..../.<.@)......
........ ####.######......
........ #.# .....
........ #.# .... ........
#+# ... ........ ..
........ . ..#.. #.. #..
##. ##


There were no monsters in sight!


Message History

The adder bites you but does no damage.
You barely miss the adder.
The adder is severely wounded.
You block the adder's attack.
Your shield prevents you from hitting the adder.
The adder is severely wounded.
You block the adder's attack.
You sock the adder!
You kill the adder!
Makhleb accepts your kill.
Deactivating autopickup; reactivate with Ctrl-A.
You closely miss something. Something hits you but does no damage.
You closely miss something.
You hear some strange, mumbled words.
A magic dart appears from out of thin air!
The magic dart hits you!
You closely miss something.
You hear some strange, mumbled words.
A puff of flame appears from out of thin air!
The puff of flame hits you!
* * * LOW HITPOINT WARNING * * *
You thump something! Something hits you but does no damage.
You miss something.
You hear some strange, mumbled words.
A magic dart appears from out of thin air!
The magic dart hits you!
You hear some strange, mumbled words.
A magic dart appears from out of thin air!
The magic dart hits you!
You die...

Skill      XL: |  1  2  3  4  5  6  7 |
---------------+----------------------+-----
Fighting       | 4 5 6 |  6.8
Maces & Flails | 3 4 5 |  5.6
Invocations    | 1 2 |  2.2
Armour         | |  3.2
Shields        | |  3.2

Action                   |  1- 3 |  4- 6 |  7- 9 || total
-------------------------+-------+-------+-------++-------
Melee: Flail             |   143 |   211 |    41 ||   395
  Use: Potion            |       |     1 |     5 ||     6
       Scroll            |       |       |     4 ||     4
  Eat: Chunk             |     2 |     5 |       ||     7
       Royal jelly       |       |       |     1 ||     1
Armor: Scale mail        |   111 |   101 |    14 ||   226
Dodge: Dodged            |    54 |    50 |     7 ||   111
Block: Shield            |   106 |    98 |    12 ||   216

Vault maps used:
D:1:      minmay_arrival_four_circles
D:2:      lemuel_upstairs_altar, first_bread, kennysheep_potato
D:3:      old_standard_altar, minmay_misc_feat_nine_boxes
D:4:      lemuel_doored_altar, kennysheep_mini_moat, temple_hall
D:5:      nicolae_tso_carved_into_rock, overflow_temple_1_default, serial_shops,
          shop, nicolae_underground_beach
Temple:   eino_temple_lava

Notes
Turn   | Place    | Note
-------+----------+-------------------------------------------
     0 | D:1      | Jazqa the Gargoyle Fighter began the quest for the Orb.
     0 | D:1      | Reached XP level 1. HP: 14/14 MP: 1/1
    79 | D:1      | Reached XP level 2. HP: 15/19 MP: 2/2
   892 | D:2      | Reached skill level 4 in Fighting
   892 | D:2      | Reached XP level 3. HP: 23/24 MP: 3/3
   904 | D:2      | Reached skill level 3 in Maces & Flails
  1388 | D:3      | Found a basalt altar of Yredelemnul.
  1416 | D:3      | Reached XP level 4. HP: 28/30 MP: 4/4
  1760 | D:3      | Reached skill level 5 in Fighting
  1760 | D:3      | Reached XP level 5. HP: 15/35 MP: 5/5
  1772 | D:3      | Reached skill level 4 in Maces & Flails
  1905 | D:3      | Reached XP level 6. HP: 24/40 MP: 6/6
  2685 | D:4      | Noticed a phantom
  2722 | D:4      | Killed a phantom
  2722 | D:4      | Reached skill level 6 in Fighting
  2722 | D:4      | Reached skill level 5 in Maces & Flails
  2772 | D:4      | Found a staircase to the Ecumenical Temple.
  2792 | Temple   | Entered the Ecumenical Temple
  2875 | Temple   | Became a worshipper of Makhleb the Destroyer
  2958 | D:4      | Found a shadowy altar of Dithmenos.
  3154 | D:4      | Found a shattered altar of Ashenzari.
  3196 | D:5      | Entered Level 5 of the Dungeon
  3196 | D:5      | Found a snail-covered altar of Cheibriados.
  3197 | D:5      | Found Mosunty's General Store.
  3212 | D:5      | Noticed an ice beast
  3227 | D:5      | Killed an ice beast
  3227 | D:5      | Reached skill level 1 in Invocations
  3227 | D:5      | Reached XP level 7. HP: 20/47 MP: 6/8
  3565 | D:5      | HP: 1/47 [orc warrior/dire flail (13)]
  3576 | D:5      | Reached skill level 2 in Invocations
  3593 | D:5      | Killed from afar by an orc wizard

Vanquished Creatures
  An orc warrior (D:5)
  A phantom (D:4)
  An ice beast (D:5)
  A hound (D:5)
  6 orc wizards
  An iguana (D:4)
  A worker ant (D:4)
  5 adders
  An ooze (D:2)
  An adder skeleton (D:4)
  2 worms
  A dart slug (D:2)
  4 leopard geckos
  18 orcs
  2 ball pythons
  8 bats
  4 giant cockroaches
  3 goblins
  5 hobgoblins
  3 jackals (D:1)
  4 kobolds
  3 quokkas
  5 frilled lizards
  A quokka skeleton (D:4)
82 creatures vanquished.
